 Dungeon Crawl Stone Soup version 0.30-a0-719-gcc4359ea44 (webtiles) character file.

Game seed: 13744944648810724767

2859 kae the Changer (level 9, -5/70 HPs)
             Began as a Demonspawn Transmuter on Jan 26, 2023.
             Was a Plaything of Xom.
             Slain by Gastronok (19 damage)
             ... on level 8 of the Dungeon.
             The game lasted 00:07:18 (7791 turns).

kae the Changer (Demonspawn Transmuter)             Turns: 7791, Time: 00:07:18

Health: -5/70      AC:  8    Str: 12    XL:     9   Next: 47%
Magic:  17/17      EV: 15    Int: 18    God:    Xom [......]
Gold:   478        SH:  0    Dex: 13    Spells: 8/18 levels left

rFire   x . .      SeeInvis .      - Unarmed
rCold   + + +      Faith    .    (shield currently unavailable)
rNeg    . . .      Spirit   .    (body armour currently unavailable)
rPois   +          Reflect  .    (helmet currently unavailable)
rElec   .          Harm     .    (cloak unavailable)
rCorr   .          Rampage  .    (gloves currently unavailable)
Will    .....                    (boots currently unavailable)
Stlth   +                        (no amulet)
HPRegen 0.31/turn                (no ring)
MPRegen 0.15/turn                (no ring)

@: mighty, agile, ice-form, wereblooded
A: freezing attack, amphibious, boosted hp, large, (large bone plates 1), foul
stench 1, powered by pain 1, (weakness stinger 3)
a: End Transformation, Renounce Religion


You were on level 8 of the Dungeon.
You worshipped Xom.
You were a very special plaything of Xom.
You were a creature of crystalline ice.
You visited 1 branch of the dungeon, and saw 8 of its levels.

You collected 478 gold pieces.


Innate Abilities, Weirdness & Mutations

You are a creature of crystalline ice.
You have a powerful freezing melee attack.
You are amphibious.
Your maximum health is increased.
Your armour is entirely melded.
You are incapable of wielding weapons or throwing items.
((You are partially covered in large bone plates. (SH +4)))
You may rarely emit foul miasma when damaged in melee.
You sometimes gain a little power by taking damage.
((You have a sharp stinger which inflicts weakening toxins.))


   Skills:
 - Level 1.0 Fighting
 - Level 1.7 Dodging
 + Level 5.8 Unarmed Combat
 + Level 5.4 Spellcasting
 * Level 7.5 Transmutations
 * Level 5.9 Ice Magic
 - Level 1.0 Poison Magic


You had 8 spell levels left.
You knew the following spells:

 Your Spells              Type           Power      Damage    Failure   Level
a - Beastly Appendage     Tmut           64%        N/A       1%          1
b - Wereblood             Tmut           32%        N/A       1%          2
c - Spider Form           Tmut/Pois      20%        N/A       7%          3
d - Ice Form              Ice/Tmut       29%        N/A       8%          4

Your spell library contained the following spells:

 Spells                   Type           Power      Damage    Failure   Level
 Sublimation of Blood     Necr           4%         N/A       19%         2
 Inner Flame              Hex/Fire       4%         N/A       36%         3
 Flame Wave               Conj/Fire      4%         2d5       77%         4
 Sticky Flame             Conj/Fire      4%         2d3       77%         4
 Summon Hydra             Summ           2%         N/A       100%        7

Inventory:

Missiles
 f - 91 stones
 k - a throwing net {=f!f}
 p - 14 poisoned darts
 t - a boomerang
 y - 4 javelins
Armour
 a - a +1 robe (melded)
 l - +0 steam dragon scales
   (You found it on level 6 of the Dungeon)
Magical Staves
 e - a staff of conjuration {!a}
   (You found it on level 1 of the Dungeon)
Jewellery
 F - a ring of fire
   (You found it on level 3 of the Dungeon)
 R - a ring of resist corrosion
   (You found it on level 7 of the Dungeon)
Wands
 h - a wand of paralysis (3)
   (You found it on level 2 of the Dungeon)
 x - a wand of flame (19)
   (You found it on level 7 of the Dungeon)
Scrolls
 c - a scroll of magic mapping {!r}
 d - 9 scrolls of teleportation {@r4}
 g - 3 scrolls of identify {@r1}
 i - 2 scrolls of enchant armour
 r - a scroll of blinking {!r}
 v - a scroll of torment {!r}
 w - 2 scrolls of brand weapon
 z - a scroll of enchant weapon {unknown}
Potions
 b - 5 potions of lignification {!q}
 j - 4 potions of curing {@q1}
 m - 4 potions of flight
 n - 2 potions of attraction {!q}
 o - 3 potions of mutation {!q}
 q - 2 potions of heal wounds {@q2}
 s - 4 potions of haste {@q3}
 u - a potion of might

Dungeon Overview and Level Annotations

Branches:
Dungeon (8/15) Zot: 26776  Temple (0/1) D:6
   Lair: D:8-11

Altars:
Cheibriados
Makhleb
Xom

Shops:
D:3 (   D:5 *

Annotations:
D:4 4 transporters, Leeroy's ghost, amateur TeWr
D:8 Gastronok

###.....#####..
.................
.................
.....!...........
.................
.................
.................
.........w.......
#####+##)Y.......
#...##)#######
#.....)...#
#.........#
#.........#
#...##...##
#...##...##
#...##....#
#......#....'..).#


You could see Gastronok.


Message History

😕 HP[-15] MP[+4]
You take 15 damage, and now have 55/70 hp.
MASSIVE DAMAGE!! (PAUSE)
Your mp is fully restored (16).
There is an open door here. 😕 HP[+1]
You feel very mighty all of a sudden. 😕 HP[+1]
Casting: Ice Form (dangerous; 9% risk of failure)
Confirm with . or Enter, or press ? or * to list all spells.
Your blood is infused with primal strength.
The wight closely misses you. 😕 MP[-1]
You lost 1 mp, and now have 15/16 mp.
You punch the wight! You freeze the wight. The wight closely misses you.
You punch the wight!
You feel a bit better.
You destroy the wight! 😕 HP[+3]
You regained 3 hp, and now have 60/70 hp.
No target in view!
No target in view!
No target in view!
No target in view!
You start resting.
A wight is nearby! 😕 HP[+1]
The wight barely misses you. The wight hits you but does no damage.
There is an open door here.
Things that are here:
a +2 halberd; a +0 robe You punch the wight!
You feel a bit better.
You destroy the wight!
You howl as the wereblood boils in your veins!
The wight hits you with a +2 falchion! 😕 HP[-5] MP[+1]
You take 5 damage, and now have 56/70 hp.
You punch the wight! The wight hits you with a +2 falchion.
You feel drained. The wight closely misses you.
You barely miss the wight. The wight hits you with a +2 falchion.
You emit a cloud of foul miasma!
The wight hits you with a +1 war axe.
You feel drained. 😮 HP[-11]
You now have 67 max hp (-3).
You take 11 damage, and now have 45/67 hp.
You punch the wight!
You feel a bit better.
You destroy the wight! 😮 HP[+2]
You now have 68 max hp (+1).
You regained 2 hp, and now have 47/68 hp.
Unknown command.
You punch the wight! 😮 HP[+1]
You hit the wight.
The wight hits you with a +1 short sword of freezing.
The wight closely misses you. 😮 HP[-3]
You take 3 damage, and now have 45/68 hp.
Unknown command.
You barely miss the wight. The wight closely misses you.
The wight hits you with a +1 war axe! 😮 HP[-8] MP[+1]
You take 8 damage, and now have 37/68 hp.
Your mp is fully restored (17).
Unknown command.
You punch the wight!
You feel a bit better.
You destroy the wight!
The wight hits you with a +1 war axe!
* * * LOW HITPOINT WARNING * * *
You focus on the pain.
You feel mightier all of a sudden.
Your life force feels restored. 😨 HP[-11]
You now have 70 max hp (+2).
You take 11 damage, and now have 26/70 hp.
Unknown command.
You pummel the wight!!
You feel a bit better.
You destroy the wight! 😨 HP[+2]
You regained 2 hp, and now have 28/70 hp.
Unknown command.
There is an open door here.
Items here: ))) [[[.
Unknown command.
You howl as the wereblood boils in your veins!
Gastronok waves his eye-stalks in wide circles.
The air twists around and strikes you!
* * * LOW HITPOINT WARNING * * *
You focus on the pain.
You feel agile all of a sudden. 😱 HP[-15]
You take 15 damage, and now have 13/70 hp.
MASSIVE DAMAGE!! (PAUSE)
You punch Gastronok! You freeze Gastronok. 😱 HP[+1]
You hit Gastronok. You freeze Gastronok.
You howl as the wereblood boils in your veins!
Gastronok bites you!!
You die...
Xom chuckles heartily!

Skill      XL: |  1  2  3  4  5  6  7  8  9 |
---------------+----------------------------+-----
Transmutations | 2 3 4 5 6 7 |  7.5
Unarmed Combat | 3 4 5 |  5.8
Spellcasting   | 3 4 5 |  5.4
Ice Magic      | 1 3 5 |  5.9
Poison Magic   | 1 |  1.0
Fighting       | |  1.0
Dodging        | |  1.7

Action                     |  1- 3 |  4- 6 |  7- 9 || total
---------------------------+-------+-------+-------++-------
  Melee: Unarmed           |   109 |   109 |   215 ||   433
         Kick              |    19 |    10 |     1 ||    30
         Headbutt          |    12 |     4 |     2 ||    18
         Tailslap          |     7 |     9 |     2 ||    18
         Punch             |     4 |     3 |       ||     7
   Cast: Beastly Appendage |    27 |    12 |     2 ||    41
         Spider Form       |     2 |     4 |    10 ||    16
         Ice Form          |       |     1 |    17 ||    18
         Wereblood         |       |       |     6 ||     6
    Use: Scroll            |     5 |     6 |     7 ||    18
         Potion            |     2 |     2 |     1 ||     5
   Stab: Distracted        |       |     1 |       ||     1
 Armour: Robe              |    13 |    16 |     1 ||    30
         Skin              |       |    16 |    74 ||    90
  Dodge: Dodged            |    58 |    79 |   103 ||   240
  Block: Other             |       |       |     2 ||     2

Levels and vault maps discovered:
D:1:      dpeg_arrival_brainrot, layout_basic,
          shapermc_ecumenical_altar_mp_ritualfount,
          nicolae_concentric_dashed_squares_mild
D:2:      layout_basic, basic_altar
D:3:      layout_basic, serial_shops, nicolae_square_shop,
          chequers_serial_rivers_micro_c
D:4:      gammafunk_steamed_eel, layout_basic, gammafunk_ghost_arena
D:5:      layout_basic, mainiacjoe_overflow_six_doors_small,
          guppyfry_shop_venom, uniq_eustachio
D:6:      layout_gridville, makhleb_grotto_becter, temple_statues,
          nicolae_fountain_basement
D:7:      layout_loops_ring, uniq_crazy_yiuf_cottage, uniq_pikel
D:8:      layout_gridville, mainiacjoe_overflow_alcove_4, uniq_gastronok,
          uniq_maggie

Notes
Turn   | Place    | Note
-------+----------+-------------------------------------------
     0 | D:1      | kae the Demonspawn Transmuter began the quest for the Orb.
     0 | D:1      | Reached XP level 1. HP: 15/15 MP: 3/3
     0 | D:1      | magus.rc [v1.11.3]
   212 | D:1      | Reached skill level 2 in Transmutations
   226 | D:1      | HP: 2/15 [jackal (2)]
   229 | D:1      | Gained mutation: You have a small tail. [demonic ancestry]
   229 | D:1      | Reached XP level 2. HP: 4/21 MP: 5/5
   360 | D:1      | Found a faded altar of an unknown god.
   447 | D:1      | Prayed at the altar of an unknown god.
   447 | D:1      | Became a worshipper of Xom the Chaotic
   574 | D:1      | You pick up a book of Flames and begin reading...
   574 | D:1      | You add the spells Inner Flame, Sticky Flame and Flame Wave
                  | to your library.
   906 | D:1      | XOM: cast spell 'Cause Fear'
  1039 | D:2      | Reached skill level 3 in Unarmed Combat
  1162 | D:2      | XOM: 2-stop teleportation journey
  1213 | D:2      | You fall into a shaft and drop 2 floors!
  1218 | D:4      | Found a transporter.
  1220 | D:4      | Found a transporter.
  1224 | D:4      | Noticed Leeroy's ghost (amateur TeWr)
  1225 | D:4      | Gained mutation: You sometimes gain a little power by
                  | taking damage. [demonic ancestry]
  1225 | D:4      | Reached XP level 3. HP: 25/26 MP: 4/6
  1225 | D:4      | Noticed a bullfrog
  1234 | D:4      | Learned a level 2 spell: Wereblood
  1238 | D:4      | Learned a level 3 spell: Spider Form
  1243 | D:3      | XOM: noise
  1298 | D:3      | XOM: god gift: 46 gold pieces
  1400 | D:3      | XOM: butterfly on damage
  1403 | D:3      | XOM: potion effect (might)
  1425 | D:3      | XOM: butterfly on damage
  1426 | D:3      | HP: 4/26 [gnoll/+0 spear (7)]
  1456 | D:4      | Found a transporter.
  1476 | D:4      | Reached skill level 3 in Transmutations
  1623 | D:3      | Reached XP level 4. HP: 19/32 MP: 2/7
  1682 | D:3      | XOM: 5-stop teleportation journey
  1734 | D:3      | Found Coakouma's Antique Weapon Boutique.
  1777 | D:2      | Found a snail-covered altar of Cheibriados.
  2124 | D:2      | XOM: divination: detect creatures
  2766 | D:4      | Identified the +5 leather armour of the Wary Hurling Seas
                  | {rPois Regen+ Str-2 SInv}
  2880 | D:4      | Reached skill level 3 in Spellcasting
  2880 | D:4      | Gained mutation: You have a tail ending in a sharp stinger.
                  | [demonic ancestry]
  2880 | D:4      | Reached XP level 5. HP: 20/37 MP: 0/9
  2962 | D:4      | XOM: 3-stop teleportation journey
  3034 | D:4      | XOM: smoke on damage
  3034 | D:4      | XOM: torment (20/37 hp)
  3154 | D:4      | XOM: silly message
  3249 | D:4      | Found a transporter.
  3295 | D:4      | HP: 5/37 [iguana (11)]
  3431 | D:4      | XOM: swap monsters
  3442 | D:4      | XOM: enchant monster (bad)
  3457 | D:4      | Reached skill level 4 in Transmutations
  3835 | D:5      | Entered Level 5 of the Dungeon
  3842 | D:5      | Gained mutation: You may rarely emit foul miasma when
                  | damaged in melee. [demonic ancestry]
  3842 | D:5      | Reached XP level 6. HP: 43/43 MP: 9/11
  3864 | D:5      | Learned a level 4 spell: Ice Form
  3940 | D:5      | Noticed Eustachio
  3953 | D:5      | Noticed an ice beast
  3963 | D:5      | Killed an ice beast
  3966 | D:5      | Killed Eustachio
  3967 | D:5      | Reached skill level 4 in Unarmed Combat
  3967 | D:5      | Reached skill level 1 in Ice Magic
  3967 | D:5      | Reached skill level 1 in Poison Magic
  3967 | D:5      | Gained mutation: You are partially covered in large bone
                  | plates. (SH +4) [demonic ancestry]
  3967 | D:5      | Reached XP level 7. HP: 48/48 MP: 9/12
  4043 | D:5      | XOM: 1-stop teleportation journey
  4167 | D:5      | Found Asunlure's Serpentskin Sales.
  4178 | D:5      | Reached skill level 5 in Transmutations
  4178 | D:5      | Reached skill level 2 in Ice Magic
  4234 | D:5      | XOM: 2-stop teleportation journey
  4476 | D:5      | XOM: scenery: 1 doors open
  4696 | D:6      | Noticed a steam dragon
  4704 | D:6      | Killed a steam dragon
  4705 | D:6      | Reached skill level 4 in Spellcasting
  4769 | D:6      | Found a staircase to the Ecumenical Temple.
  5025 | D:6      | Reached skill level 3 in Ice Magic
  5216 | D:6      | Gained mutation: You have a sharp stinger which inflicts
                  | weakening toxins. [demonic ancestry]
  5216 | D:6      | Reached XP level 8. HP: 54/54 MP: 8/14
  5303 | D:6      | Found a burning altar of Makhleb.
  5373 | D:6      | XOM: enchant monster (bad)
  5428 | D:6      | XOM: noise
  5547 | D:6      | XOM: polymorph ogre -> hog
  5552 | D:6      | Reached skill level 6 in Transmutations
  5556 | D:6      | Reached skill level 4 in Ice Magic
  5909 | D:6      | Reached skill level 5 in Unarmed Combat
  6058 | D:6      | HP: 15/64 [something (2)]
  6243 | D:6      | Killed an unseen horror
  6417 | D:7      | Noticed Pikel
  6579 | D:7      | Reached skill level 5 in Ice Magic
  6579 | D:7      | Reached XP level 9. HP: 59/59 MP: 12/16
  6596 | D:7      | XOM: polymorph lemure -> shadow imp
  6622 | D:7      | XOM: confusion (+ monsters)
  6625 | D:7      | Killed Pikel
  6626 | D:7      | Reached skill level 5 in Spellcasting
  6626 | D:7      | Reached skill level 7 in Transmutations
  6851 | D:7      | Found a runed translucent door.
  6852 | D:7      | Noticed Crazy Yiuf
  6914 | D:7      | XOM: divination: detect items
  7091 | D:7      | You pick up a book of Blood and begin reading...
  7091 | D:7      | You add the spells Sublimation of Blood and Summon Hydra to
                  | your library.
  7465 | D:7      | Killed Crazy Yiuf
  7469 | D:7      | XOM: smoke on damage
  7721 | D:8      | XOM: silly message
  7765 | D:8      | Noticed Gastronok
  7789 | D:8      | HP: 13/70 [Gastronok/the air (15)]
  7791 | D:8      | Slain by Gastronok

Vanquished Creatures
  Pikel (D:7)
  An unseen horror (D:6)
  A hog (D:6)
  Eustachio (D:5)
  A steam dragon (D:6)
  A water moccasin (D:5)
  2 black bears (D:6)
  An orc warrior (D:7)
  2 ice beasts
  An ogre (D:6)
  3 lemures
  A bullfrog (D:6)
  A scorpion (D:7)
  2 necrophages
  5 wights (D:8)
  A howler monkey (D:4)
  A crimson imp (D:6)
  2 hounds
  3 jellies
  Crazy Yiuf (D:7)
  2 orc priests
  2 iguanas
  An orc wizard (D:7)
  3 gnolls (D:3)
  8 adders
  2 shadow imps (D:7)
  An ufetubus (D:5)
  4 worms
  19 orcs
  3 ball pythons
  5 endoplasms
  3 giant cockroaches
  7 goblins
  4 hobgoblins
  7 jackals
  A quokka (D:5)
  A bat (D:1)
  5 frilled lizards
  6 kobolds
  5 rats
121 creatures vanquished.

Vanquished Creatures (others)
  A plant (D:1)
1 creature vanquished.

Grand Total: 122 creatures vanquished

Table legend:
 A = Non-vault XP
 B = Vault XP
 C = Vault XP percentage of total XP
 D = Non-vault monster count
 E = Vault monster count
 F = Vault count percentage of total count
                 A         B        C        D         E       F
            +---------+---------+-------+---------+---------+-------
      Total |    2831 |    1254 |  30.7 |     108 |       9 |   7.7
            +---------+---------+-------+---------+---------+-------
        D:1 |      29 |       2 |   6.5 |      17 |       1 |   5.6
        D:2 |      27 |       0 |   0.0 |      12 |       0 |   0.0
        D:3 |     103 |       0 |   0.0 |      13 |       0 |   0.0
        D:4 |     217 |       0 |   0.0 |      19 |       0 |   0.0
        D:5 |     220 |     356 |  61.8 |       8 |       4 |  33.3
        D:6 |    1360 |     238 |  14.9 |      17 |       2 |  10.5
        D:7 |     336 |     658 |  66.2 |      15 |       2 |  11.8
        D:8 |     539 |       0 |   0.0 |       7 |       0 |   0.0
            +---------+---------+-------+---------+---------+-------

Illustrated notes

Table legend:
 A = Kills in this place as a percentage of kills in entire the game.
 B = Kills by you in this place as a percentage of kills by you in the entire game.
 C = Kills by friends in this place as a percentage of kills by friends in the entire game.
 D = Other kills in this place as a percentage of other kills in the entire game.
 E = Experience gained in this place as a percentage of experience gained in the entire game.
 F = Experience gained in this place divided by the number of levels of this place that you have seen.
                   A       B       C       D       E      F
               +-------+-------+-------+-------+-------+----------------------
         Total | 100.0 | 100.0 |   N/A | 100.0 | 100.0 | 510.6
       Dungeon | 100.0 | 100.0 |   N/A | 100.0 | 100.0 | 510.6
               +-------+-------+-------+-------+-------+----------------------

Table legend: (Time is in decaauts)
 A = Elapsed time spent in this place.
 B = Non-inter-level travel time spent in this place.
 C = Inter-level travel time spent in this place.
 D = Time resting spent in this place.
 E = Time spent auto-exploring this place.
 F = Levels seen in this place.
 G = Mean time per level.
                   A        B        C        D        E       F      G
               +--------+--------+--------+--------+--------+-----+--------+
         Total |   7740 |   7438 |    302 |    449 |   5788 |   8 |  967.5 |
       Dungeon |   7740 |   7438 |    302 |    449 |   5788 |   8 |  967.5 |
               +--------+--------+--------+--------+--------+-----+--------+

Top non-repeatable levels by time:
     D:6: 1438 daAuts
     D:4: 1266 daAuts
     D:5: 1163 daAuts
     D:7: 1110 daAuts
     D:1: 1004 daAuts
     D:3: 858 daAuts
     D:2: 676 daAuts
     D:8: 222 daAuts
